 Dungeon Crawl Stone Soup version 0.21-a0-434-g806c6c2 (webtiles) character file.

28 slep the Shield-Bearer (level 3, -1/26 HPs)
             Began as a Barachi Wanderer on Nov 9, 2017.
             Slain by a worm (10 damage)
             ... on level 2 of the Dungeon.
             The game lasted 00:04:00 (944 turns).

slep the Shield-Bearer (Barachi Wanderer)            Turns: 944, Time: 00:04:01

Health: -1/26      AC:  5    Str: 15    XL:     3   Next: 14%
Magic:  3/3        EV:  9    Int: 10    God:
Gold:   83         SH:  8    Dex: 12    Spells: 2/2 levels left

rFire    + . .     SeeInvis .   e - +0 club
rCold    . . .     Gourm    .   a - +0 shield
rNeg     . . .     Faith    .   l - +2 leather armour {rF+}
rPois    .         Spirit   .   (no helmet)
rElec    .         Reflect  .   (no cloak)
rCorr    .         Harm     .   (no gloves)
MR       .....                  (no boots)
Stlth    +.........             m - amulet of rage
HPRegen  0.08/turn              (no ring)
MPRegen  0.08/turn              (no ring)

@: slow
A: +LOS, swims, slowness 1, strong legs 1
a: Hop, Evoke Berserk Rage


You were on level 2 of the Dungeon.
You were hungry.

You visited 1 branch of the dungeon, and saw 2 of its levels.

You collected 83 gold pieces.

Inventory:

Hand Weapons
 e - a +0 club (weapon)
Armour
 a - a +0 shield (worn)
 d - a +0 robe
 i - a +0 ring mail
 l - a +2 leather armour of fire resistance (worn)
Jewellery
 m - an amulet of rage (around neck)
Scrolls
 g - a scroll of blinking {unknown}
 j - a scroll of teleportation {unknown}
 k - a scroll of fog {unknown}
 n - a scroll of random uselessness {unknown}
Potions
 c - 3 potions of curing
 h - a potion of lignification {unknown}
Books
 b - Ifewauze's Volume of Darkness

   Spells                             Type                      Level
   a - Corpse Rot                     Necromancy                   2
   b - Sublimation of Blood           Necromancy                   2
Comestibles
 f - 2 bread rations


   Skills:
 + Level 1.4 Fighting
   Level 2.4 Long Blades
 + Level 1.4 Maces & Flails
 + Level 0.4 Armour
 + Level 0.8 Dodging
 + Level 3.0 Shields
   Level 2.6 Necromancy
   Level 2.1 Poison Magic


You had 2 spell levels left.
You didn't know any spells.

Dungeon Overview and Level Annotations

Branches:
Dungeon (2/15)

Altars:


Innate Abilities, Weirdness & Mutations

Shadows flee at your approach. (+LOS)
You can swim through water.
You cover ground slowly.
You can hop short distances.


Message History

The worm is almost dead.
The worm bites you.
You hit the worm.
The worm is almost dead.
The worm bites you.
You barely miss the worm.
The worm is almost dead.
The worm bites you.
You hit the worm but do no damage.
The worm is almost dead.
The worm misses you.
You hit the worm.
The worm is almost dead.
Your shield prevents you from hitting the worm.
The worm is almost dead.
You block the worm's attack.
You hit the worm but do no damage.
The worm is almost dead.
The worm bites you!
You die...

#................##
#.....#
#.........#.....##
#.###.#
#.....##.###...##
#.. .#
#.........###+## #.#
# #.######..# # #..
#.######..# .# ###
#.........###.######
....#......w.......#
# #.###.#@>...##.
... #.##...## #.#
#.# #.## ... ..# ##
### ###


You could see a worm.

Vanquished Creatures
  A dart slug (D:2)
  A giant cockroach (D:2)
  4 goblins
  4 hobgoblins
  2 jackals (D:2)
  A ball python (D:2)
  6 bats
  3 frilled lizards
  A kobold (D:2)
  A rat (D:2)
24 creatures vanquished.

Notes
Turn   | Place    | Note
-------+----------+-------------------------------------------
     0 | D:1      | slep the Barachi Wanderer began the quest for the Orb.
     0 | D:1      | slep set off with: a +0 shield, Ifewauze's Volume of Darkness, a potion of curing, a +0 robe, a +0 club, a bread ration
     0 | D:1      | Reached XP level 1. HP: 15/15 MP: 1/1
   173 | D:1      | Reached XP level 2. HP: 18/21 MP: 2/2
   184 | D:1      | You fall through a shaft!
   384 | D:2      | Reached skill level 3 in Shields
   661 | D:2      | Reached skill level 1 in Maces & Flails
   789 | D:2      | Reached XP level 3. HP: 24/26 MP: 3/3
   944 | D:2      | Slain by a worm

Vault maps used:
D:1:      dpeg_arrival_line_fractal
D:2:      minmay_wonky_spiral

Skill      XL: |  1  2 |
---------------+-------+-----
Shields        | 3 |  3.0
Maces & Flails | 1 |  1.4
Fighting       | |  1.4
Long Blades    | |  2.4
Armour         | |  0.4
Dodging        | |  0.8
Necromancy     | |  2.6
Poison Magic   | |  2.1

Action                   || total
-------------------------++-------
Melee: Club              ||   167
Armor: Ring mail         ||    62
       Leather armour    ||    23
Dodge: Dodged            ||    67
Block: Shield            ||    95

Table legend:
 A = Spawn XP
 B = Non-spawn XP
 C = Spawn XP percentage of total XP
 D = Spawn monster count
 E = Non-spawn monster count
 F = Spawn count percentage of total count
 G = Total turns spent on level
                    A         B        C        D         E        F      G
               +---------+---------+-------+---------+---------+-------+---------
         Total |       0 |      41 |   0.0 |       0 |      24 |   0.0 |   944
               +---------+---------+-------+---------+---------+-------+---------
           D:1 |       0 |      10 |   0.0 |       0 |       7 |   0.0 |   184
           D:2 |       0 |      31 |   0.0 |       0 |      17 |   0.0 |   760
               +---------+---------+-------+---------+---------+-------+---------
